 Dungeon Crawl Stone Soup version 0.26-a0-651-gb41185065b (webtiles) character file.

Game seed: 5557349820375968605

101 loralnil the Conjurer (level 4, -3/27 HPs)
             Began as an Octopode Conjurer on Oct 15, 2020.
             Slain by an orc
             ... wielding a +0 trident
              (10 damage)
             ... on level 3 of the Dungeon.
             The game lasted 00:06:37 (2868 turns).

loralnil the Conjurer (Octopode Conjurer)           Turns: 2868, Time: 00:06:38

Health: -3/27      AC:  1    Str:  6    XL:     4   Next: 75%
Magic:  1/8        EV: 13    Int: 21    God:
Gold:   103        SH:  0    Dex: 10    Spells: 2/8 levels left

rFire    . . .     SeeInvis .   d - -3 spear (curse)
rCold    . . .     Faith    .   (no shield)
rNeg     . . .     Spirit   .   (helmet restricted)
rPois    .         Reflect  .   (no amulet)
rElec    .         Harm     .   h - ring of protection from magic
rCorr    .         Rampage  .   l - ring of flight
MR       +....                  (no ring)
Stlth    +++.......             (no ring)
HPRegen  0.09/turn              (no ring)
MPRegen  0.11/turn              (no ring)
                                (no ring)
                                (no ring)

@: no status effects
A: almost no armour, stealthy swim, amphibious, 8 rings, constrict 8, camouflage
1, gelatinous body 1
a: Evoke Flight


You were on level 3 of the Dungeon.
You visited 1 branch of the dungeon, and saw 3 of its levels.

You collected 103 gold pieces.

Inventory:

Hand Weapons
 c - a +0 short sword
 d - a cursed -3 spear (weapon)
Jewellery
 h - a ring of protection from magic (left tentacle)
 l - a ring of flight (right tentacle)
Scrolls
 f - 2 scrolls of remove curse {unknown}
 g - a scroll of immolation {unknown}
 i - a scroll of fear {unknown}
 j - a scroll of teleportation {unknown}
Potions
 a - a potion of flight
 b - 2 potions of curing
 e - a potion of lignification {unknown}
 k - a potion of stabbing {unknown}


   Skills:
 + Level 2.9 Dodging
 + Level 4.1 Stealth
 + Level 2.8 Spellcasting
 + Level 4.5 Conjurations


You had 2 spell levels left.
You knew the following spells:

 Your Spells              Type           Power        Failure   Level
a - Magic Dart            Conj           ###.         1%          1
b - Searing Ray           Conj           ###...       3%          2
c - Dazzling Flash        Conj/Hex       ##....       16%         3

Your spell library contained the following spells:

 Spells                   Type           Power        Failure   Level
 Fulminant Prism          Conj/Hex       ##........   47%         4
 Iskenderun's Mystic Bla  Conj/Tloc      ##......     47%         4


Dungeon Overview and Level Annotations

Branches:
Dungeon (3/15)

Altars:


Innate Abilities, Weirdness & Mutations

You cannot wear most types of armour.
You are very stealthy in the water. (Stealth+)
You are amphibious.
You can wear up to eight rings at the same time.
You can use your tentacles to constrict eight enemies at once.
Your skin changes colour to match your surroundings (Stealth+).
Your rubbery body absorbs attacks. (AC +1, EV +1)


Message History

Aim: an orc, wielding a +0 trident and wearing a +0 leather armour The magic dart hits the orc.
The orc is moderately wounded.
The orc hits you with a +0 trident!
You hit the orc but do no damage. Your grab misses the orc.
Your squeeze misses the orc.
The orc is moderately wounded.
The orc hits you with a +0 trident.
You hit the orc. Your grab misses the orc.
The orc is heavily wounded.
The orc hits you with a +0 trident.
You barely miss the orc. Your grab misses the orc. Your squeeze misses the orc.
The orc is heavily wounded.
The orc hits you with a +0 trident!
* * * LOW HITPOINT WARNING * * *
Your magical contamination has completely faded away.
You hit the orc but do no damage. Your grab misses the orc.
The orc is heavily wounded.
The orc hits you with a +0 trident!
You die...

#...# ....#
#)..# ...
..^ #o# #o#
#@# #.#
########.##
#.........#
..........#
#.........#
##.........#
...........#
#...>.....#


You could see 2 orcs.

Vanquished Creatures
  3 adders (D:2)
  4 dart slugs
  4 worms (D:2)
  A leopard gecko (D:3)
  2 orcs (D:3)
  A ball python (D:3)
  A giant cockroach (D:3)
  6 goblins
  6 hobgoblins
  4 jackals (D:3)
  8 kobolds
  6 bats
  A frilled lizard (D:2)
  5 rats
52 creatures vanquished.

Notes
Turn   | Place    | Note
-------+----------+-------------------------------------------
     0 | D:1      | loralnil the Octopode Conjurer began the quest for the Orb.
     0 | D:1      | Reached XP level 1. HP: 11/11 MP: 3/3
   164 | D:1      | Reached XP level 2. HP: 13/17 MP: 1/5
   268 | D:1      | Learned a level 2 spell: Searing Ray
  1059 | D:1      | Reached XP level 3. HP: 11/21 MP: 0/6
  1946 | D:2      | Reached XP level 4. HP: 21/27 MP: 1/7
  2016 | D:2      | Learned a level 3 spell: Dazzling Flash
  2868 | D:3      | Slain by an orc

Illustrated notes

Levels and vault maps discovered:
D:1:      saegor_arrival_simple_b, layout_rooms, serial_rivers,
          chequers_serial_rivers_large_a, chequers_serial_rivers_micro_b,
          chequers_serial_rivers_room_a, chequers_serial_rivers_marsh,
          chequers_serial_rivers_micro_a
D:2:      layout_loops_ring, kennysheep_generic_room_2
D:3:      layout_rooms, kennysheep_generic_room_3, uniq_sigmund

Skill      XL: |  1  2  3  4 |
---------------+-------------+-----
Stealth        | 3 4 |  4.1
Dodging        | |  2.9
Spellcasting   | |  2.8
Conjurations   | |  4.5

Action                   |  1- 3 |  4- 6 || total
-------------------------+-------+-------++-------
Melee: Short sword       |     4 |       ||     4
       Spear             |    30 |     4 ||    34
       Constrict         |     9 |       ||     9
       Tentacles         |     6 |       ||     6
 Cast: Magic Dart        |    58 |    30 ||    88
       Searing Ray       |     3 |     4 ||     7
       Dazzling Flash    |       |     1 ||     1
  Use: Scroll            |     3 |     1 ||     4
 Stab: Sleeping          |     5 |       ||     5
Armor: Skin              |     7 |       ||     7
Dodge: Dodged            |    28 |       ||    28

Table legend: (Time is in decaauts)
 A = Elapsed time spent in this place.
 B = Non-inter-level travel time spent in this place.
 C = Inter-level travel time spent in this place.
 D = Time resting spent in this place.
 E = Time spent auto-exploring this place.
 F = Levels seen in this place.
 G = Mean time per level.
                   A        B        C        D        E       F      G
               +--------+--------+--------+--------+--------+-----+--------+
         Total |   2869 |   2794 |     75 |    528 |   1914 |   3 |  956.3 |
       Dungeon |   2869 |   2794 |     75 |    528 |   1914 |   3 |  956.3 |
               +--------+--------+--------+--------+--------+-----+--------+

Top non-repeatable levels by time:
     D:2: 1362 daAuts
     D:1: 1285 daAuts
     D:3: 220 daAuts
